 Dungeon Crawl Stone Soup version 0.17.0-28-g6e173f8 (webtiles) character file.

221 dorian the Firebug (level 5, -2/31 HPs)
             Began as an Octopode Fire Elementalist on Nov 27, 2015.
             Slain by a gnoll
             ... wielding a +1 halberd of flaming
              (3 damage)
             ... on level 3 of the Dungeon.
             The game lasted 00:06:57 (3116 turns).

dorian the Firebug (Octopode Fire Elementalist)     Turns: 3116, Time: 00:06:57

Health: -2/31      AC:  1    Str:  7      XL:     5   Next: 98%
Magic:  2/8        EV: 12    Int: 19      God:
Gold:   115        SH:  0    Dex:  9 (12) Spells: 3 memorised, 0 levels left

rFire  . . .     SeeInvis .     r - +2 dagger (elec)
rCold  . . .     Clarity  .     (no shield)
rNeg   . . .     SustAt   .     (helmet restricted)
rPois  .         Gourm    .     (no amulet)
rElec  .         Spirit   .     (no ring)
rCorr  .         Warding  .     (no ring)
rMut   .         Stasis   .     (no ring)
MR     .....                    (no ring)
Stlth  +++.......               (no ring)
                                (no ring)
                                (no ring)
                                (no ring)

@: lethally poisoned (-2 -> -4), not resistant to hostile enchantments, fairly
stealthy
A: almost no armour, amphibious, 8 rings, constrict 8, camouflage 1, gelatinous
body 1
a: no special abilities


You were on level 3 of the Dungeon.
You were hungry.

You visited 1 branch of the dungeon, and saw 3 of its levels.

You collected 115 gold pieces.

Inventory:

Hand Weapons
 k - a cursed -1 spear
 n - a +1 mace of crushing
 r - a +2 dagger of electrocution (weapon)
Jewellery
 s - an uncursed amulet of rage {unknown}
Wands
 m - a wand of teleportation (4)
Scrolls
 d - 3 scrolls of identify {unknown}
 f - 3 scrolls of remove curse {unknown}
 g - a scroll of enchant weapon {unknown}
 j - a scroll of fear {unknown}
 l - 3 scrolls of magic mapping {unknown}
 u - a scroll of teleportation {unknown}
Potions
 e - a potion of degeneration
 h - 2 potions of heal wounds {unknown}
 i - a potion of brilliance
 q - a potion of lignification {unknown}
Books
 a - a book of Flames

   Spells                             Type                      Level
   a - Flame Tongue                   Conjuration/Fire             1
   b - Throw Flame                    Conjuration/Fire             2
   c - Conjure Flame                  Conjuration/Fire             3
   d - Inner Flame                    Hexes/Fire                   3
   e - Sticky Flame                   Conjuration/Fire             4
   f - Fireball                       Conjuration/Fire             5
Comestibles
 b - 3 bread rations
 c - 2 meat rations
 o - a slice of pizza
 p - 7 fruits
 t - a beef jerky


   Skills:
 - Level 2.0 Dodging
 - Level 2.6 Stealth
 - Level 2.0 Spellcasting
 + Level 4.2 Conjurations
 + Level 4.8 Fire Magic


You couldn't memorise any spells.
You knew the following spells:

 Your Spells              Type           Power        Failure   Level  Hunger
a - Flame Tongue          Conj/Fire      ###..        2%          1    #......
b - Conjure Flame         Conj/Fire      ###.....     10%         3    ###....
c - Sticky Flame          Conj/Fire      ###.....     28%         4    #####..


Dungeon Overview and Level Annotations

Branches:
Dungeon (3/15)

Altars:


Innate Abilities, Weirdness & Mutations

You cannot wear most types of armour.
You are amphibious.
You can wear up to eight rings at the same time.
You can use your tentacles to constrict eight enemies at once.
Your skin changes colour to match your surroundings (Stealth).
Your rubbery body absorbs attacks (AC +1).


Message History

Aiming: Flame Tongue
Press: ? - help, Shift-Dir - straight line, f - gnoll
Aim: a gnoll, wielding a halberd of flaming The flame tongue hits the gnoll.
The gnoll is moderately wounded.
The gnoll hits you from afar with a halberd of flaming!
Ouch! That really hurt!
The gnoll burns you.
* * * LOW HITPOINT WARNING * * *
Casting: Flame Tongue
Confirm with . or Enter, or press ? or * to list all spells.
Aiming: Flame Tongue
Press: ? - help, Shift-Dir - straight line, f/p - gnoll
Aim: a gnoll, wielding a halberd of flaming (moderately wounded)
The flame tongue hits the gnoll.
The gnoll is moderately wounded.
The gnoll hits you from afar with a halberd of flaming!
* * * LOW HITPOINT WARNING * * *
The gnoll burns you.
You die...

.......#.# #....(......#####
###.#†....#
#...............#
).g....####.#
#####.........##.#
#####.......#
#..........##.##.# #.#######
#.#.K......##.##.# #.#
#.#(#####..##.##.# #.# #.#g#
#..##.##.# #.#########.#.#
#..##.##.# #.........#.@.#
#..##.##.#
#########.#########..##.##.#
#.......[......##.##.#
#.#.##.........#...#.#
##.#.##.###########.#.##
#..#.##.#..............#
#.##.##.##.########.#.##
#....#.....#......#....#
############.####.###.##


You could see a gnoll and a kobold.

Vanquished Creatures
  A jelly (D:1)
  2 gnolls (D:3)
  5 adders
  3 oozes (D:1)
  5 worms
  8 orcs
  A ball python (D:2)
  12 giant cockroaches
  6 goblins
  8 hobgoblins
  7 jackals (D:1)
  4 kobolds
  3 quokkas (D:2)
  7 bats
  2 giant geckos
  4 giant newts
  10 rats
88 creatures vanquished.

Notes
Turn   | Place    | Note
--------------------------------------------------------------
     0 | D:1      | dorian the Octopode Fire Elementalist began the quest for the Orb.
     0 | D:1      | Reached XP level 1. HP: 11/11 MP: 3/3
     0 | D:1      | Noticed a jelly
     1 | D:1      | Found a runed door.
   160 | D:1      | Reached XP level 2. HP: 10/17 MP: 0/5
   776 | D:1      | Reached XP level 3. HP: 19/21 MP: 4/6
  1104 | D:1      | Killed a jelly
  1104 | D:1      | Reached skill level 4 in Fire Magic
  1104 | D:1      | Reached XP level 4. HP: 27/27 MP: 3/7
  1609 | D:2      | Reached XP level 5. HP: 28/31 MP: 0/8
  2379 | D:3      | Learned a level 3 spell: Conjure Flame
  2384 | D:3      | Learned a level 4 spell: Sticky Flame
  3116 | D:3      | HP: 1/31 [gnoll/halberd of flaming (8)]
  3116 | D:3      | Slain by a gnoll

Action                   |  1- 3 |  4- 6 || total
-------------------------+-------+-------++-------
Melee: Unarmed           |    27 |     7 ||    34
       Mace              |       |     8 ||     8
       Dagger            |       |     5 ||     5
 Cast: Flame Tongue      |    52 |   103 ||   155
  Use: Potion            |       |     3 ||     3
 Stab: Sleeping          |     1 |     2 ||     3
  Eat: Chunk             |     1 |     7 ||     8
